 Dungeon Crawl Stone Soup version 0.28.0-53-g5a82cb258f (webtiles) character file.

Game seed: 13623544185286712712

112990 nikku the Warrior (level 16, -1/151 (165) HPs)
             Began as a Minotaur Berserker on May 12, 2022.
             Was an Elder of Trog.
             Slain by a seven-headed hydra (2 damage)
             ... on level 4 of the Swamp on Aug 21, 2022.
             The game lasted 02:10:49 (28336 turns).

nikku the Warrior (Minotaur Berserker)             Turns: 28336, Time: 02:10:49

HP:   -1/151 (165)  AC: 33    Str: 27    XL:     16   Next: 13%
MP:   0/15          EV:  8    Int:  7    God:    Trog [****..]
Gold: 925           SH:  0    Dex: 18    Spells: 15/15 levels left

rFire   + + .      SeeInvis .   a - +2 broad axe (elec)
rCold   . . .      Faith    .   O - +0 tower shield
rNeg    . . .      Spirit   +   A - +1 plate armour {rF+}
rPois   .          Reflect  .   C - +2 hat {Int+3}
rElec   .          Harm     .   f - +2 cloak {rCorr}
rCorr   +          Rampage  .   o - +0 pair of gloves
Will    +++..                   p - +0 pair of boots
Stlth   ..........              j - amulet "Zigh" {Spirit rF+ Str-2 Dex+7 Slay+3}
HPRegen 1.35/turn               e - +4 ring of protection
MPRegen 0.14/turn               b - +4 ring of slaying

@: confused, ambrosia-drunk, strong-willed (expiring), regenerating (expiring),
drained
A: horns 2, retaliatory headbutt
a: Renounce Religion, Berserk, Trog's Hand, Brothers in Arms


You were on level 4 of the Swamp.
You worshipped Trog.
Trog was greatly pleased with you.
You visited 4 branches of the dungeon, and saw 23 of its levels.

You collected 2382 gold pieces.
You spent 1457 gold pieces at shops.

Inventory:

Hand Weapons
 a - a +2 broad axe of electrocution (weapon)
Missiles
 y - 5 silver javelins
 G - 2 javelins
Armour
 f - a +2 cloak of preservation (worn)
 o - a +0 pair of gloves (worn)
 p - a +0 pair of boots (worn)
 A - a +1 plate armour of fire resistance (worn)
 C - a +2 hat of intelligence (worn)
 O - a +0 tower shield (worn)
 V - +0 swamp dragon scales
Jewellery
 b - a +4 ring of slaying (right hand)
 e - a +4 ring of protection (left hand)
 j - the amulet "Zigh" (around neck) {Spirit rF+ Str-2 Dex+7 Slay+3}
   (You bought it in a shop on level 2 of the Orcish Mines)

   [amulet of guardian spirit]

   It causes incoming damage to be divided between your reserves of health and
   magic.
   Str:       It affects your strength (-2).
   Dex:       It affects your dexterity (+7).
   Slay:      It affects your accuracy & damage with ranged weapons and melee
   (+3).
   rF:        It protects you from fire.
 l - a ring of see invisible
 m - an amulet of reflection
 D - an amulet of faith
 M - a ring of positive energy
 P - an amulet of regeneration
 S - a ring of protection from fire
Wands
 d - a wand of polymorph (31)
 h - a wand of paralysis (33)
 n - a wand of mindburst (4)
 q - a wand of iceblast (12)
 r - a wand of digging (3)
 t - a wand of flame (56) (quivered)
 B - a wand of acid (14)
Scrolls
 k - 2 scrolls of fog
 x - 2 scrolls of silence
 I - 3 scrolls of summoning
 K - 5 scrolls of teleportation
 N - 3 scrolls of identify
 Q - a scroll of enchant armour
 R - a scroll of magic mapping
 U - 2 scrolls of blinking
Potions
 c - 2 potions of haste
 g - 2 potions of mutation
 i - 11 potions of curing
 s - 2 potions of resistance
 v - a potion of lignification
 w - 2 potions of cancellation
 z - a potion of invisibility
 E - a potion of might {unknown}
 F - a potion of ambrosia
Miscellaneous
 u - a tin of tremorstones (2/2)
 H - a tin of tremorstones (2/2)
 J - a condenser vane
 L - a lightning rod (4/4)
 T - a lightning rod (4/4)


   Skills:
 * Level 20.4 Fighting
 + Level 19.1 Axes
 - Level 0.8(12.6) Polearms
 + Level 19.0 Armour
 - Level 4.9 Dodging
 + Level 7.8 Shields


You had 15 spell levels left.
You didn't know any spells.
Your spell library was empty.

Dungeon Overview and Level Annotations

Branches:
Dungeon (11/15)            Temple (0/1) D:5            Lair (6/6) D:8
  Swamp (4/4) Lair:2        Snake (0/4) Lair:3        Slime (0/5) Lair:6
    Orc (2/2) D:11            Elf (0/3) Orc:2

Altars:
Dithmenos
Elyvilon
Fedhas
Gozag
Hepliaklqana
Makhleb
Nemelex Xobeh
Okawaru
Qazlal
Sif Muna
Trog
Wu Jian
Xom
Yredelemnul
Zin
Jiyva

Shops:
D:2 [   D:10 =   Orc:1 !   Orc:2 (=*[

Annotations:
D:9 2 transporters
Lair:4 2 transporters, muxecoid's ghost, journeyman TrHu
Swamp:3 Roxanne


Innate Abilities, Weirdness & Mutations

You have a pair of horns on your head.
You reflexively headbutt those who attack you in melee.


Message History

You feel drained.
* * * LOW HITPOINT WARNING * * *
The spectral five-headed hydra bites you but does no damage.
The goliath frog hits you from afar.
* * * LOW HITPOINT WARNING * * *
You are splashed with acid.
You resist.
* * * LOW HITPOINT WARNING * * *
The ten-headed hydra bites you but does no damage.
The ten-headed hydra barely misses you.
The ten-headed hydra closely misses you.
The ten-headed hydra bites you but does no damage. x6
The ten-headed hydra bites you.
* * * LOW HITPOINT WARNING * * *
A tyrant leech comes into view.
The seven-headed hydra bites you.
* * * LOW HITPOINT WARNING * * *
The seven-headed hydra bites you but does no damage. x2
The seven-headed hydra barely misses you.
The seven-headed hydra bites you.
* * * LOW HITPOINT WARNING * * *
The seven-headed hydra bites you but does no damage. x2
The goliath frog closely misses you. x2
The ten-headed hydra bites you but does no damage.
The ten-headed hydra closely misses you.
The ten-headed hydra bites you.
The ten-headed hydra bites you but does no damage. x4
The ten-headed hydra bites you.
* * * LOW HITPOINT WARNING * * *
The ten-headed hydra bites you!
* * * LOW HITPOINT WARNING * * *
The ten-headed hydra bites you but does no damage.
The seven-headed hydra closely misses you.
The seven-headed hydra bites you!
* * * LOW HITPOINT WARNING * * *
The seven-headed hydra bites you!
* * * LOW HITPOINT WARNING * * *
The seven-headed hydra bites you!
* * * LOW HITPOINT WARNING * * *
The seven-headed hydra bites you.
You die...

♣♣♣...≈≈≈..♣≈
♣§..w.......≈
♣≈.≈≈.≈≈...♣
♣.≈≈§≈≈≈.♣♣
♣♣♣≈[≈≈≈≈..♣ ≈
♣♣≈♣♣≈≈≈≈≈..♣.≈
♣.§.≈≈†F§≈≈.≈≈.
♣♣.≈.≈DD..≈.♣♣
♣...≈@Z≈♣§♣♣
♣≈≈♣...FD♣♣ ♣
♣....≈..♣♣
♣♣♣...≈≈.♣
♣♣.≈≈≈.♣
♣<≈≈♣♣♣ ♣.≈.!
♣♣§.. ♣...


You could see a ten-headed hydra, a seven-headed hydra, a swamp dragon, a tyrant
leech, a spectral five-headed hydra and 2 goliath frogs.

Vanquished Creatures
  Frances (Swamp:2)
  Gastronok (D:8)
  An orc warlord (Orc:1)
  The ghost of Jacimip the Whirler, a journeyman HaHu of Okawaru (Swamp:1)
  A vampire knight (Swamp:4)
  5 eleionomae
  2 dire elephants (Lair:6)
  6 bunyips
  19 hydras
  A boulder beetle (D:11)
  Harold (D:7)
  Erica (D:8)
  A catoblepas (Lair:6)
  2 two-headed ogres
  13 alligators
  4 death yaks (Lair:6)
  3 orc high priests
  A spectral dire elephant (Lair:6)
  5 spriggans
  A goliath frog (Swamp:1)
  A spectral anaconda (Lair:6)
  5 swamp dragons
  7 bog bodies
  2 spectral hydras (Swamp:4)
  An obsidian statue (Lair:6)
  2 spriggan druids (Swamp:2)
  3 necromancers (Lair:6)
  Pikel (D:5)
  An orc knight (Orc:2)
  5 orc sorcerers
  3 will-o-the-wisps
  6 black mambas
  26 elephants
  2 unseen horrors
  A gargoyle (D:11)
  3 kobold demonologists
  9 komodo dragons
  17 cane toads
  3 dire elephant skeletons (Lair:6)
  3 rime drakes
  7 trolls
  2 death drake zombies (Swamp:4)
  A hydra zombie (Swamp:4)
  5 hornets
  Grinder (D:5)
  2 polar bears
  12 tyrant leeches
  2 dream sheep (D:10)
  A hydra skeleton (Swamp:4)
  A meliai zombie (D:11)
  23 blink frogs
  3 spectral elephants (Lair:6)
  Prince Ribbit (D:5)
  Sigmund (D:4)
  43 yaks
  A shadow (D:11)
  4 wyverns
  2 basilisks
  Eustachio (D:4)
  2 steam dragons
  A death yak simulacrum (Lair:6)
  5 nagas (Lair:3)
  Menkaure (D:5)
  14 swamp worms
  6 wargs
  Duvessa (D:4)
  4 acid dragons
  A hydra simulacrum (Swamp:4)
  16 water moccasins
  2 swamp drakes
  An ice beast (D:7)
  24 orc warriors
  2 black bears
  2 necrophages
  5 ogres
  A swamp dragon zombie (Swamp:4)
  3 elephant zombies (Lair:6)
  2 elephant skeletons (Lair:6)
  2 swamp dragon skeletons (Swamp:4)
  8 wolves
  4 centaurs
  2 lemures (D:5)
  Blork the orc (D:6)
  4 phantoms
  5 kobold brigands
  2 wyvern zombies
  2 gnoll sergeants
  7 bullfrogs
  3 scorpions
  A water moccasin zombie (D:7)
  A wyvern skeleton (D:7)
  Dowan (D:4)
  A troll zombie (D:11)
  10 killer bees
  7 wights (D:9)
  A howler monkey (D:6)
  2 electric eels
  2 centaur zombies
  4 jellies
  17 orc priests
  Crazy Yiuf (D:3)
  2 hounds
  2 centaur skeletons
  7 iguanas
  Ijyb (D:4)
  11 orc wizards
  A killer bee zombie (D:8)
  5 ogre zombies (D:11)
  13 gnolls
  A howler monkey skeleton (D:5)
  4 adders
  A shadow imp (D:6)
  A dart slug (D:3)
  57 orcs
  10 ball pythons
  8 bats
  6 endoplasms
  7 giant cockroaches
  7 goblins
  9 hobgoblins
  13 kobolds
  A quokka (D:2)
  7 frilled lizards
  4 goblin zombies (D:11)
  A hobgoblin skeleton (D:11)
  2 orc skeletons (D:11)
  12 orc zombies (D:11)
  6 rats
  A butterfly (D:10)
665 creatures vanquished.

Vanquished Creatures (collateral kills)
  An orc knight (Orc:2)
  3 orc warriors (Orc:2)
  An ogre (Orc:2)
  An orc wizard (Orc:2)
  An orc (Orc:2)
7 creatures vanquished.

Vanquished Creatures (others)
  A bloated husk (Swamp:4)
  2 swamp drakes (Swamp:4)
  An orc (Orc:2)
  12 foxfires
  26 fungi
  49 plants
  15 withered plants (Lair:6)
106 creatures vanquished.

Grand Total: 778 creatures vanquished

Notes
Turn   | Place    | Note
-------+----------+-------------------------------------------
     0 | D:1      | nikku the Minotaur Berserker began the quest for the Orb.
     0 | D:1      | Reached XP level 1. HP: 19/19 MP: 0/0
   208 | D:1      | Reached XP level 2. HP: 27/27 MP: 1/1
   302 | D:1      | Upgraded the game from 0.28.0-45-g0d030f2227 to
                  | 0.28.0-53-g5a82cb258f
   686 | D:1      | Reached skill level 4 in Fighting
  1028 | D:2      | You fall into a shaft and drop 1 floor!
  1061 | D:3      | Reached XP level 3. HP: 33/33 MP: 2/2
  1178 | D:2      | Found a faded altar of an unknown god.
  1489 | D:2      | Found Uwarhe's Armour Boutique.
  1492 | D:2      | Reached ** piety under Trog
  1813 | D:3      | Found a runed translucent door.
  1814 | D:3      | Noticed Crazy Yiuf
  1823 | D:3      | Killed Crazy Yiuf
  1824 | D:3      | Reached XP level 4. HP: 41/41 MP: 3/3
  2120 | D:3      | Reached XP level 5. HP: 47/47 MP: 4/4
  2414 | D:4      | Reached skill level 5 in Fighting
  2414 | D:4      | Reached skill level 5 in Axes
  2452 | D:4      | Noticed Eustachio
  2461 | D:4      | Killed Eustachio
  2462 | D:4      | Reached XP level 6. HP: 56/56 MP: 5/5
  2473 | D:4      | Noticed Ijyb
  2481 | D:4      | Killed Ijyb
  2521 | D:4      | Found a stormy altar of Qazlal.
  2601 | D:4      | Noticed Sigmund
  2610 | D:4      | Killed Sigmund
  2611 | D:4      | Reached skill level 5 in Armour
  2611 | D:4      | Reached XP level 7. HP: 62/62 MP: 6/6
  2779 | D:4      | Noticed Dowan
  2780 | D:4      | Noticed Duvessa
  2793 | D:4      | Killed Dowan
  2796 | D:4      | Killed Duvessa
  2797 | D:4      | Reached skill level 6 in Fighting
  3255 | D:5      | Entered Level 5 of the Dungeon
  3273 | D:5      | Noticed Prince Ribbit
  3274 | D:5      | Noticed Pikel
  3277 | D:5      | Killed Prince Ribbit
  3278 | D:5      | Reached XP level 8. HP: 71/71 MP: 7/7
  3281 | D:5      | Reached skill level 7 in Fighting
  3283 | D:5      | Found a staircase to the Ecumenical Temple.
  3287 | D:5      | Killed Pikel
  3350 | D:5      | Noticed Menkaure
  3356 | D:5      | Killed Menkaure
  3357 | D:5      | Reached skill level 8 in Fighting
  3497 | D:5      | Noticed Grinder
  3505 | D:5      | Killed Grinder
  3579 | D:5      | Reached XP level 9. HP: 82/82 MP: 8/8
  4613 | D:6      | Noticed Blork the orc
  4628 | D:6      | Killed Blork the orc
  4731 | D:6      | Found a sparkling altar of Nemelex Xobeh.
  4732 | D:6      | Found an opulent altar of Gozag.
  4775 | D:6      | Reached skill level 9 in Fighting
  4995 | D:6      | Found a burning altar of Makhleb.
  5343 | D:6      | Found a glowing silver altar of Zin.
  5475 | D:7      | Noticed a two-headed ogre
  5482 | D:7      | Killed a two-headed ogre
  5565 | D:7      | Noticed a troll
  5570 | D:7      | Killed a troll
  5571 | D:7      | Reached skill level 10 in Fighting
  5571 | D:7      | Reached skill level 10 in Axes
  5598 | D:7      | Noticed Harold
  5614 | D:7      | Killed Harold
  5615 | D:7      | Reached skill level 10 in Armour
  5615 | D:7      | Reached XP level 10. HP: 87/94 MP: 9/9
  5725 | D:7      | Found a bloodstained altar of Trog.
  5909 | D:7      | Found a shadowy altar of Dithmenos.
  5938 | D:7      | Found a white marble altar of Elyvilon.
  6452 | D:8      | Noticed a two-headed ogre
  6470 | D:8      | Killed a two-headed ogre
  6471 | D:8      | Reached skill level 11 in Fighting
  6602 | D:8      | Found a blossoming altar of Fedhas.
  7033 | D:8      | Found a staircase to the Lair.
  7076 | D:8      | Noticed Erica
  7093 | D:8      | Noticed Gastronok
  7099 | D:8      | Killed Erica
  7111 | Lair:1   | Entered Level 1 of the Lair of Beasts
  7111 | Lair:1   | Noticed a black mamba
  7116 | Lair:1   | Killed a black mamba
  7404 | D:8      | Killed Gastronok
  7405 | D:8      | Reached skill level 12 in Fighting
  7405 | D:8      | Reached XP level 11. HP: 104/104 MP: 10/10
  7570 | D:9      | Found an ornate altar of the Wu Jian Council.
  7611 | D:9      | Identified the +0 ring mail of the Morning {Drain rElec
                  | Int+7 Slay-5}
  7766 | D:9      | Noticed a fire crab
  7767 | D:9      | Noticed an orc sorcerer
  7857 | D:9      | Found a transporter.
  7923 | D:9      | Found a transporter.
  8056 | D:9      | Found a shimmering blue altar of Sif Muna.
  8267 | D:9      | Found an iron altar of Okawaru.
  9017 | D:10     | Entered Level 10 of the Dungeon
  9464 | D:10     | Found Upekh's Jewellery Boutique.
  9471 | D:10     | Bought an amulet of reflection for 510 gold pieces
  9492 | D:10     | Found a shimmering altar of Xom.
  9629 | D:10     | Found a basalt altar of Yredelemnul.
  9696 | D:10     | Reached *** piety under Trog
  9769 | D:10     | Noticed a three-headed hydra
  9783 | D:10     | Killed an 11-headed hydra
 10163 | D:10     | Reached skill level 13 in Fighting
 10827 | Lair:1   | Noticed a six-headed hydra
 10838 | Lair:1   | Killed a 12-headed hydra
 10877 | Lair:1   | Reached XP level 12. HP: 97/115 MP: 11/11
 11331 | Lair:2   | Noticed a four-headed hydra
 11343 | Lair:2   | Killed an eight-headed hydra
 11344 | Lair:2   | Reached skill level 14 in Fighting
 11356 | Lair:2   | Noticed a five-headed hydra
 11874 | Lair:2   | Reached **** piety under Trog
 12037 | Lair:2   | Killed an eight-headed hydra
 12702 | Lair:2   | Found a staircase to the Swamp.
 12962 | Lair:3   | Identified the +0 chain mail of Ixzuetoc {Regen+}
 13087 | Lair:3   | Found a staircase to the Snake Pit.
 13839 | Lair:4   | Reached skill level 15 in Axes
 13856 | Lair:4   | Found a transporter.
 13858 | Lair:4   | Noticed muxecoid's ghost (journeyman TrHu)
 13860 | Lair:4   | Found a bloodstained altar of Trog.
 13868 | Lair:4   | Reached skill level 15 in Fighting
 13868 | Lair:4   | Found a transporter.
 13868 | Lair:4   | Noticed a four-headed hydra
 13869 | Lair:4   | Identified the +2 halberd of Recklessness {vorpal, Will++}
 13876 | Lair:4   | Killed an eight-headed hydra
 13888 | Lair:4   | Reached skill level 15 in Armour
 13948 | Lair:4   | Reached XP level 13. HP: 116/127 MP: 12/12
 14098 | Lair:4   | Found a hazy altar of Hepliaklqana.
 14939 | Lair:5   | Reached skill level 16 in Fighting
 16570 | Lair:6   | Entered Level 6 of the Lair of Beasts
 16602 | Lair:6   | Reached XP level 14. HP: 138/138 MP: 13/13
 16607 | Lair:6   | Reached ***** piety under Trog
 16712 | Lair:6   | Reached skill level 17 in Fighting
 16999 | Lair:6   | Found the +6 Majin-Bo {vamp, MP+6 Int+6}
 18178 | Lair:6   | Found a runed translucent door.
 18178 | Lair:6   | Found a viscous altar of Jiyva.
 18183 | Lair:6   | Found a staircase to the Slime Pits.
 18591 | Lair:6   | Reached skill level 1 in Shields
 19382 | D:11     | Found a staircase to the Orcish Mines.
 19631 | D:11     | Reached skill level 18 in Fighting
 20619 | Orc:1    | Entered Level 1 of the Orcish Mines
 20720 | Orc:1    | Found Uqoe's Distillery.
 20746 | Orc:1    | Bought a potion of heal wounds for 75 gold pieces
 20804 | Orc:1    | Paralysed by an orc sorcerer for 6 turns
 20827 | Orc:1    | Received a gift from Trog
 21045 | Orc:2    | Entered Level 2 of the Orcish Mines
 21045 | Orc:2    | Found Vajihom's Jewellery Shop.
 21097 | Orc:2    | Noticed an orc warlord
 21419 | Orc:1    | Killed an orc warlord
 23257 | Orc:2    | Reached XP level 15. HP: 125/129 MP: 14/14
 23276 | Orc:2    | Found a staircase to the Elven Halls.
 23330 | Orc:2    | Found Haemmey's Antique Armour Shoppe.
 23377 | Orc:2    | Found Kethro Bouwk's Antique Weapon Shoppe.
 23400 | Orc:2    | Bought the amulet "Zigh" {Spirit rF+ Str-2 Dex+7 Slay+3}
                  | for 872 gold pieces
 23422 | Orc:2    | Found Zujeofrudgh's General Store.
 23809 | Swamp:1  | Entered Level 1 of the Swamp
 24716 | Swamp:1  | Reached skill level 5 in Shields
 24718 | Swamp:1  | Reached skill level 19 in Fighting
 24985 | Swamp:1  | Received a gift from Trog
 25007 | Swamp:1  | Found a runed translucent door.
 25008 | Swamp:1  | Noticed Jacimip's ghost (journeyman HaHu)
 25043 | Swamp:1  | Killed Jacimip's ghost
 25682 | Swamp:2  | Identified the +7 dagger of Decaying Integrity {pain,
                  | *Noise rC+ Dex+2 SInv}
 25692 | Swamp:2  | Noticed Frances
 25704 | Swamp:2  | Killed Frances
 27227 | Swamp:3  | Identified Roxanne's Volume of the Rocks
 27227 | Swamp:3  | Noticed Roxanne
 27290 | Swamp:3  | Reached skill level 20 in Fighting
 27631 | Swamp:4  | Entered Level 4 of the Swamp
 28132 | Swamp:4  | Reached XP level 16. HP: 161/163 MP: 15/15
 28242 | Swamp:4  | Found the +2 hat of the Bear Spirit {Spirit, *Rage Will++}
 28336 | Swamp:4  | HP: 5/151 [seven-headed hydra (5)]
 28336 | Swamp:4  | HP: 1/151 [seven-headed hydra (4)]
 28336 | Swamp:4  | Slain by a seven-headed hydra

Illustrated notes

Levels and vault maps discovered:
D:1:      dpeg_arrival_simpleton_c, layout_basic, minmay_fountain_box
D:2:      minmay_recursive_quarters, layout_rooms, serial_shops, shop_statue,
          shapermc_ecumenical_altar_petra, minivault_19, corexii_shack,
          corner_web_ring, nicolae_elevator_lobby_plus
D:3:      layout_basic, uniq_crazy_yiuf_cottage
D:4:      layout_basic, grunt_qazlal_sundering, minmay_misc_feat_diagonals,
          lightli_minifort, uniq_duvessa, uniq_ijyb, uniq_sigmund,
          uniq_eustachio
D:5:      layout_basic, minmay_temple_entry_statues, uniq_grinder, uniq_pikel,
          uniq_menkaure, uniq_prince_ribbit1
D:6:      layout_basic, grunt_temple_overflow_opulence, kennysheep_mini_moat,
          overflow_temple_1_default, serial_corexii_hall,
          corexii_hall_statues_t, corexii_hall_statues_x,
          kennysheep_big_empty_room, uniq_blork_the_orc
D:7:      layout_rooms, elyvilon_altar_5, amcnicky_altar_gilded,
          nicolae_dithmenos_through_a_glass_darkly, grunt_ogre_cave,
          st_stairs_10, chequers_serial_rivers_micro_a, hex_intersection,
          uniq_harold
D:8:      layout_basic, fedhas_ov_isle_minmay, erik_lair_orcish_takeover,
          uniq_gastronok, uniq_erica
D:9:      gammafunk_wand_slinger, layout_irregular_city, lemuel_tele_altar,
          led_sif_book, mainiacjoe_overflow_alcove_2, minmay_lizard_king
D:10:     layout_loops_ring, nicolae_overflow_crystal_walls, xom_butterflies,
          serial_shops, shop, hangedman_ranch
D:11:     layout_basic, zombieorc1_lemuel, nicolae_figureground_sparkle
Lair:1:   layout_roguey
Lair:2:   layout_cellular_growth, nicolae_swamp_entry_splash_gauntlet,
          eino_small_chamber_without_monster
Lair:3:   layout_roguey, minmay_snake_entry_guardpost_medium,
          small_statue_intersection, grunt_megastairs_2
Lair:4:   layout_roguey, gammafunk_ghost_wrathful_warriors, basic_altar
Lair:5:   layout_cave_pods, chequers_serial_rivers_large_b, fungi_pond_lemuel,
          chequers_serial_rivers_large_a
Lair:6:   due_jungle_book, layout_regular_city, slime_altar_2
Swamp:1:  layout_falls_marsh, ebering_ghost_reflecting_pool,
          nicolae_swamp_dense_foliage, swamp_pool1
Swamp:2:  layout_falls_marsh, evilmike_swamp_ruin_house_2, uniq_frances
Swamp:3:  layout_falls_marsh, nicolae_swamp_orc_logging_accident,
          nicolae_swamp_alligator_family, uniq_roxanne
Swamp:4:  byrel_swamp_growth_death_and_undeath, layout_basic_swamp
Orc:1:    layout_diamond_mine, serial_shops, nicolae_shop_window_shopping,
          mines1_david
Orc:2:    grunt_orc_gardens, layout_caves, grunt_orc_garden, grunt_orc_garden,
          grunt_orc_garden, grunt_orc_garden

Skill      XL: |  1  2  3  4  5  6  7  8  9 10 11 12 13 14 15 16 |
---------------+-------------------------------------------------+-----
Axes           | 4 5 6 8 10 12 13 15 16 18 19 | 19.1
Fighting       | 4 5 6 8 10 12 13 15 16 18 20 | 20.4
Armour         | 3 4 5 6 8 10 11 13 15 16 17 18 19 | 19.0
Dodging        | 3 4 |  4.9
Shields        | 4 7 |  7.8
Polearms       | |  0.8

Action                   |  1- 3 |  4- 6 |  7- 9 | 10-12 | 13-15 | 16-18 || total
-------------------------+-------+-------+-------+-------+-------+-------++-------
Melee: Hand axe          |   101 |    62 |   139 |   233 |   335 |       ||   870
       Headbutt          |     8 |    11 |    31 |   126 |   249 |    19 ||   444
       Punch             |     1 |       |     1 |     4 |       |       ||     6
       Battleaxe         |       |       |       |   279 |   377 |       ||   656
       Trident           |       |       |       |       |    23 |       ||    23
       Broad axe         |       |       |       |       |   328 |    51 ||   379
Throw: Throwing net      |       |       |       |     3 |     1 |       ||     4
       Javelin           |       |       |       |       |     1 |       ||     1
Invok: Trog's Hand       |     1 |     4 |     9 |     9 |    24 |     3 ||    50
       Berserk           |     1 |     4 |     6 |     8 |    16 |     2 ||    37
       Brothers in Arms  |       |       |       |       |     2 |       ||     2
  Use: Scroll            |     6 |     1 |     7 |    16 |     4 |     1 ||    35
       Potion            |       |       |       |     8 |     7 |     3 ||    18
 Stab: Invisible         |     1 |       |       |       |       |       ||     1
       Confused          |       |       |       |       |       |     1 ||     1
Armor: Animal skin       |    22 |       |       |       |       |       ||    22
       Leather armour    |    30 |    13 |       |       |       |       ||    43
       Chain mail        |       |    20 |    80 |   112 |       |       ||   212
       Plate armour      |       |       |       |   261 |   751 |   140 ||  1152
       Acid dragon scale |       |       |       |    10 |       |       ||    10
Dodge: Dodged            |    75 |    20 |    67 |   211 |   329 |    50 ||   752
Block: Other             |       |       |       |    63 |    82 |       ||   145
       Reflection        |       |       |       |     1 |     3 |       ||     4
       Tower shield      |       |       |       |       |   556 |    77 ||   633
